 Dungeon Crawl Stone Soup version 0.20-a0-910-gb611367 (webtiles) character file.

622 Chrigeo the Cleaver (level 7, -4/58 HPs)
             Began as a Hill Orc Fighter on Mar 23, 2017.
             Slain by a troll zombie (5 damage)
             ... in an ossuary.
             The game lasted 00:09:46 (2794 turns).

Chrigeo the Cleaver (Hill Orc Fighter)              Turns: 2794, Time: 00:09:48

Health: -4/58      AC: 13    Str: 21    XL:     7   Next: 46%
Magic:  7/7        EV:  7    Int:  8    God:
Gold:   167        SH:  9    Dex: 10    Spells: 6/6 levels left

rFire    . . .     SeeInvis +   a - +0 war axe
rCold    . . .     Gourm    .   b - +0 scale mail
rNeg     . . .     Faith    .   c - +0 shield
rPois    .         Spirit   .   i - +2 hat
rElec    .         Reflect  .   (no cloak)
rCorr    .         Harm     .   y - +2 pair of gloves
MR       .....                  e - +0 pair of boots
Stlth    ..........             (no amulet)
Regen    0.2/turn               (no ring)
MPRegen  0.1/turn               n - ring of see invisible

@: no status effects
A: no striking features
a: no special abilities


You were in an ossuary.
You were hungry.

You visited 1 branch of the dungeon, and saw 5 of its levels.
You also visited: Ossuary.

You collected 167 gold pieces.

Inventory:

Hand Weapons
 a - a +0 war axe (weapon)
Armour
 b - a +0 scale mail (worn)
 c - a +0 shield (worn)
 e - a +0 pair of boots (worn)
 i - a +2 hat (worn)
 y - a +2 pair of gloves (worn)
Jewellery
 n - a ring of see invisible (left hand)
Scrolls
 g - a scroll of remove curse
 l - a scroll of teleportation {unknown}
 u - a scroll of immolation {unknown}
 v - a scroll of magic mapping {unknown}
 w - 4 scrolls of fear {unknown}
Potions
 d - 2 potions of might
 j - a potion of resistance {unknown}
 k - 2 potions of agility {unknown}
 m - a potion of degeneration {unknown}
 o - a potion of heal wounds {unknown}
 p - 2 potions of berserk rage {unknown}
 q - a potion of cancellation {unknown}
 r - a potion of curing {unknown}
 z - a potion of invisibility {unknown}
Books
 x - a book of Maledictions

   Spells                             Type                      Level
   a - Corona                         Hexes                        1
   b - Ensorcelled Hibernation        Hexes/Ice                    2
   c - Confuse                        Hexes                        3
   d - Tukima's Dance                 Hexes                        3
   e - Dazzling Spray                 Conjuration/Hexes            3
Comestibles
 f - 5 bread rations
 h - 3 meat rations
 t - 3 royal jellies
 A - a fruit


   Skills:
 - Level 3.9 Fighting
 + Level 10.2 Axes
 - Level 3.4 Armour
 - Level 3.5 Shields


You had 6 spell levels left.
You didn't know any spells.

Dungeon Overview and Level Annotations

Branches:
Dungeon (5/15)
 Temple: D:4-7

Altars:
Fedhas
Kikubaaqudgha

Annotations:
Ossuary Menkaure


Message History

You hit the mummy. You block the centaur zombie's attack.
The mummy hits you but does no damage.
You hit the mummy but do no damage. You hit the centaur zombie.
You hit the mummy. You block the centaur zombie's attack. The mummy hits you.
* * * LOW HITPOINT WARNING * * *
The centaur zombie hits you.
* * * LOW HITPOINT WARNING * * *
You barely miss the troll zombie. You hit the centaur zombie.
You hit the mummy. You hit the mummy but do no damage.
The centaur zombie hits you but does no damage.
You block the troll zombie's attack.
The troll zombie claws you but does no damage. x2
You slash the troll zombie!
The troll zombie is moderately damaged.
You slash the centaur zombie! You barely miss the mummy.
You closely miss the mummy. You block the centaur zombie's attack.
The troll zombie bites you!
* * * LOW HITPOINT WARNING * * *
The troll zombie claws you.
You die...

##+###'###'###'###'###..
#...#...#...#...#.. #
##'###'#####'###.#.. ..
#....#....#....#.#.. ...
#....#....#....###..
....#....#....#....#.'..
.........#.........#.#..
###....'.#.....#####.#..
......Z@M..........###..
.....MZMM..........#.'..
........?!!........#.#..
.......?!$!!.......'.#..
#####..?$∩$!..########..
...!!$!!.......#.'..
.....!!!........'.#..
.................#.#..
#....###..


You could see Menkaure, 3 mummies, a centaur zombie and a troll zombie.

Vanquished Creatures
  2 sky beasts (D:5)
  A centaur zombie (Ossuary)
  A hound (D:5)
  2 orc wizards
  3 worker ants (D:4)
  An ogre zombie (Ossuary)
  3 mummies (Ossuary)
  3 gnolls (D:5)
  6 adders
  An adder zombie (Ossuary)
  A worm (D:3)
  A dart slug (D:4)
  4 leopard geckos
  12 orcs
  5 giant cockroaches
  A gnoll zombie (Ossuary)
  10 goblins
  6 hobgoblins
  10 jackals
  8 kobolds
  3 bats
  3 frilled lizards
  2 goblin zombies (Ossuary)
  3 hobgoblin zombies (Ossuary)
  3 kobold zombies (Ossuary)
  3 quokka zombies (Ossuary)
  4 rats
  2 rat zombies (Ossuary)
104 creatures vanquished.

Notes
Turn   | Place    | Note
-------+----------+-------------------------------------------
     0 | D:1      | Chrigeo the Hill Orc Fighter began the quest for the Orb.
     0 | D:1      | Reached XP level 1. HP: 19/19 MP: 1/1
   200 | D:1      | Reached XP level 2. HP: 27/27 MP: 2/2
   217 | D:1      | Reached skill level 3 in Axes
   403 | D:1      | Reached XP level 3. HP: 33/33 MP: 3/3
   635 | D:1      | Reached skill level 4 in Axes
   998 | D:2      | You fall through a shaft!
  1004 | D:3      | Reached XP level 4. HP: 38/40 MP: 4/4
  1035 | D:3      | Reached skill level 5 in Axes
  1102 | D:3      | Found a faded altar of an unknown god.
  1244 | D:3      | Reached skill level 6 in Axes
  1244 | D:3      | Reached XP level 5. HP: 33/46 MP: 5/5
  1595 | D:3      | Found a blossoming altar of Fedhas.
  1825 | D:4      | Reached skill level 7 in Axes
  2281 | D:5      | Entered Level 5 of the Dungeon
  2283 | D:5      | Reached XP level 6. HP: 52/52 MP: 6/6
  2404 | D:5      | Noticed a sky beast
  2409 | D:5      | Killed a sky beast
  2409 | D:5      | Reached skill level 8 in Axes
  2516 | D:5      | Found an ancient bone altar of Kikubaaqudgha.
  2530 | D:5      | Found a sand-covered staircase.
  2551 | D:5      | Reached skill level 9 in Axes
  2554 | D:5      | Noticed a sky beast
  2572 | D:5      | Killed a sky beast
  2572 | D:5      | Reached XP level 7. HP: 51/58 MP: 7/7
  2575 | Ossuary  | Entered an ossuary
  2717 | Ossuary  | Reached skill level 10 in Axes
  2787 | Ossuary  | Noticed Menkaure
  2794 | Ossuary  | HP: 1/58 [troll zombie (9)]
  2794 | Ossuary  | Slain by a troll zombie

Vault maps used:
D:1:      dpeg_arrival_castle, hangedman_decor_push, serial_park_tiny_2,
          serial_bayou_pond_e
D:2:      nicolae_qazlal_eye_of_the_storm, lemuel_coloured_pillars_altar,
          gammafunk_temple_overflow_elements, first_bread
D:3:      chequers_ecumenical_altar_island, fedhas_altar_1
D:5:      kb_forest_paths, nicolae_overflow_hidden_temple,
          kennysheep_little_box, serial_shops,
          nicolae_shop_competitors_out_of_business, enter_ossuary_1
Ossuary:  ossuary_boxes_badplayer

Skill      XL: |  1  2  3  4  5  6  7 |
---------------+----------------------+-----
Axes           | 3 4 6 7 9 10 | 10.2
Fighting       | |  3.9
Armour         | |  3.4
Shields        | |  3.5

Action                   |  1- 3 |  4- 6 |  7- 9 || total
-------------------------+-------+-------+-------++-------
Melee: War axe           |    86 |   204 |    72 ||   362
  Use: Scroll            |       |     3 |       ||     3
  Eat: Chunk             |       |     6 |       ||     6
Armor: Scale mail        |    46 |    92 |    26 ||   164
Dodge: Dodged            |    23 |    52 |    12 ||    87
Block: Shield            |    49 |    88 |    26 ||   163
